cohdb
Replays
Latest Replays
All Replays
Popular Replays
Top Player Replays
Match Explorer
How It Works
Community
CoH3 Stats
Reddit
Sign in to upload your games and track your stats! →
Sign in with Steam
Match 23781902
Unlisted
Match 23781902
Overview
Messages
Build Orders
End
Panzergrenadier Squad
250 Light Carrier
Selects Italian Combined Arms Battlegroup
Selects Bersaglieri Squad
Panzergrenadier Squad
Construct Light Support Kompanie
MG34 Team
Fire Support Elements
Combat Half-tracks
Pak 38 Mechanized Group
2.5-tonne Medical Truck
Veteran Squad Leaders
Construct Panzerarmee Kommand
Pak 38 Mechanized Group
Selects Semovente da 75/18 Assault Gun
Selects Strafing Run
Selects Vehicle Support - Secure Location
Selects Vehicle Support - Force Recon
Semovente da 75/18 Assault Gun
Vehicle Survival Package
Tungsten Core Ammunition
UH|dun! ツ
UH|XTC
iceman
Dodo
Heywooo
ShiftyParadigm
0
0
Comments
sign in to comment!
No comments posted yet!